Map: Mech Depot LE

Players

Ziggy - Winner!

  • Race: Terran Terran
  • Spawn Location: 7:00

HuShang

  • Race: Protoss Protoss
  • Spawn Location: 1:00

Event: WCS Montreal 2017

VOD

Have the link to the VOD?

Description

Time

  • Played on: Sept. 8, 2017, 3:18 p.m.
  • Length: 5:53

All games in this series

Show
View Real Time Build Order
Export as new Build Order

Ziggy Terran - Winner!

Build Orders: Reaper Expand 

Get SALT Encoding   

  12  0:01  SCV  
  13  0:13  SCV  
  14  0:18  Supply Depot  
  14  0:25  SCV  
  15  0:40  SCV  
  15  0:41  Barracks  
  16  0:46  Refinery  
  16  0:52  SCV  
  18  1:04  SCV  
  18  1:16  SCV  
  19  1:29  Orbital Command, Reaper  
  20  1:41  Command Center  
  20  1:54  Barracks  
  20  1:56  SCV  
  20  2:01  Barracks Reactor  
  21  2:06  Supply Depot  
  21  2:09  SCV  
  22  2:16  Refinery  
  22  2:21  SCV  
  23  2:29  Factory  
  23  2:33  SCV  
  24  2:38  Marine x2  
  24  2:41  Barracks Tech Lab  
  26  2:45  SCV  
  27  2:52  Orbital Command  
  27  2:57  SCV  
  27  2:58  Marine x2  
  28  3:04  Marine  
  31  3:12  Stimpack  
  31  3:16  Marine x2  
  33  3:21  SCV  
  33  3:22  Marine  
  33  3:25  SCV  
  36  3:33  SCV  
  37  3:34  Marine  
  37  3:35  Marine  
  37  3:37  SCV  
  37  3:40  Marine  
  41  3:41  Starport  
  41  3:43  Factory Reactor  
  41  3:47  SCV  
  42  3:50  SCV  
  42  3:52  Marine  
  44  3:57  Supply Depot, Marine  
  44  3:58  Marine  
  46  4:13  Engineering Bay  
  46  4:18  Marine x2  
  46  4:19  SCV x2  
  46  4:20  Supply Depot  
  50  4:24  Marine  
  50  4:28  Medivac  
  50  4:31  SCV  
  54  4:42  Medivac, Marine x3, SCV, Missile Turret  
  60  4:46  Supply Depot  
  60  4:47  Missile Turret  
  60  4:51  SCV  
  61  4:54  Factory Tech Lab  
  61  4:58  SCV, Refinery  
  62  5:07  Medivac, Marine  
  62  5:09  Supply Depot  
  62  5:11  Marine x2  
  66  5:18  SCV x2  
  68  5:25  Marine  
  69  5:29  Marine  
  69  5:30  Marine  
  69  5:32  Supply Depot  
  69  5:34  Supply Depot x2  
  74  5:38  Barracks  
  74  5:40  SCV  
Show
View Real Time Build Order
Export as new Build Order

HuShang Protoss 

Build Orders: 1 Gate Expand, Oracle Opening, Phoenix Opening 

Get SALT Encoding   

  12  0:00  Probe (Chrono Boost)  
  13  0:11  Probe (Chrono Boost)  
  14  0:18  Pylon  
  14  0:22  Probe (Chrono Boost)  
  15  0:37  Probe (Chrono Boost), Gateway  
  15  0:41  Assimilator  
  16  0:47  Probe (Chrono Boost)  
  17  0:58  Probe (Chrono Boost)  
  18  1:08  Probe (Chrono Boost)  
  19  1:18  Nexus  
  19  1:28  Cybernetics Core  
  19  1:31  Probe (Chrono Boost)  
  20  1:38  Assimilator  
  20  1:42  Probe (Chrono Boost)  
  21  1:49  Pylon  
  21  1:52  Probe (Chrono Boost)  
  22  2:03  Probe (Chrono Boost)  
  22  2:07  Adept (Chrono Boost)  
  25  2:14  Probe  
  26  2:16  Stargate  
  26  2:26  Probe, Warp Gate  
  26  2:28  Probe  
  27  2:32  Adept (Chrono Boost)  
  30  2:38  Probe  
  30  2:40  Probe  
  32  2:50  Probe (Chrono Boost)  
  33  2:51  Probe (Chrono Boost)  
  34  2:59  Oracle (Chrono Boost)  
  34  3:00  Probe  
  34  3:03  Probe  
  39  3:11  Probe  
  40  3:15  Probe  
  41  3:20  Mothership Core  
  43  3:27  Probe, Gateway  
  43  3:28  Gateway  
  44  3:35  Pylon  
  44  3:37  Assimilator  
  44  3:38  Assimilator  
  44  3:39  Probe  
  44  3:40  Probe  
  46  3:52  Probe  
  46  3:53  Probe  
  46  3:54  Phoenix (Chrono Boost)  
  50  4:05  Probe  
  50  4:06  Probe  
  50  4:09  Pylon  
  52  4:15  Phoenix (Chrono Boost)  
  54  4:22  Pylon  
  54  4:25  Probe  
  54  4:27  Probe  
  56  4:36  Probe  
  57  4:39  Probe  
  57  4:42  Phoenix (Chrono Boost)  
  59  4:47  Forge  
  59  4:51  Probe  
  59  4:52  Probe  
  60  5:02  Nexus, Twilight Council  
  60  5:03  Pylon  
  60  5:13  Phoenix (Chrono Boost)  
  62  5:20  Sentry  
  64  5:21  Zealot x2  
  64  5:22  Gateway x2  
  64  5:27  Gateway  
  68  5:36  Probe  
  68  5:38  Probe  
  68  5:39  Robotics Facility  
  72  5:51  Templar Archives  
Tags
 
Add a new tag
Caveats
  • Supply blocks, unpowered buildings, or Contaminate may cause inaccurate times.
  • Supply counts are checked every 10 seconds.